← All builds
Suicide front / Cortex / Economy first / OBSERVED BUILD

Standard suicide front

Cortex Suicide front build order · Supreme Isthmus

The role's baseline: bot lab first, economy expands through the first minutes, and Thugs with Aggravators and Grunts carry the fight to the middle as T2 approaches.

#eco #defence · 458 distinct matches · 86 players · 71% of Cortex Suicide front games · team won 52% of 474 · Recently observed

HOW TO PLAY IT

Key timing: Bot Lab by 0:34

  1. Take 3 mex, then rush a Bot Lab immediately for early army.
  2. Finish Bot Lab, start pumping Thug, Grunt and Aggravator.
  3. Push units to middle to contest and secure reclaim early.
  4. Add Advanced Metal Extractor to keep economy scaling with the fight.
  5. Hold middle with bots until T2 reinforcements arrive from Geo.

Phase by phase

TYPICAL OF ITS 458 GAMES
  1. 1
  2. 2
  3. 3
PLAY THE OPENING

Follow the example game's first 6:00 step by step: what to build now, what comes next, and where it goes. At 1× it keeps pace with your own game.

  1. 1

    Up to the Bot Lab

    Economy
    • Metal Extractor1Mex
    Order
    1. Bot LabBot Lab after 2 mexdone ~0:35, middle half 0:27–0:45

    By 0:18 in all: 1 mex

    The example game in this phase · 3 steps
    1. Mex ×3
    2. Wind
    3. Bot LabBot Labdone 0:50 · typical 0:35
  2. 2

    Bot Lab to 5:00

    Economy
    • Metal Extractor4Mex
    • Wind Turbine3Wind
    Builders
    • Graverobber4 Graverobber
    • Construction Bot3 Con bot
    Army
    • Guard3 Guard
    • Thug15 Thug
    • Grunt3 Grunt
    Other
    • Radar Tower1 Radar Tower

    Some games also: aggravator (47%)

    By 5:00 in all: 5 mex · 3 wind

    The example game in this phase · 28 steps
    1. GruntGrunt
    2. GraverobberGraverobber
    3. ThugThug ×5
    4. Radar TowerRadar Tower
    5. Construction BotCon bot
    6. ThugThug
    7. Con turret
    8. Mex
    9. ThugThug
    10. Mex
    11. Wind
    12. ThugThug
    13. Wind
    14. ThugThug
    15. Wind
    16. ThugThug
    17. Wind
    18. Radar TowerRadar Tower
    19. ThugThug
    20. Mex
    21. Wind
    22. ThugThug
    23. Wind
    24. GuardGuard
    25. ThugThug ×8
    26. Mex
    27. Con turret
    28. ThugThug
  3. 3

    5:00 to 10:00

    Economy
    • Metal Extractor1Mex
    • Wind Turbine13Wind
    Builders
    • Construction Turret2 Con turret
    • Graverobber2 Graverobber
    • Construction Bot1 Con bot
    Army
    • Guard1 Guard
    • Thug7 Thug
    • Grunt3 Grunt

    Some games also: energy storage (48%) · aggravator (47%) · Radar Tower (41%) · Twin Guard (31%)

    By 10:00 in all: 6 mex · 18 wind · 1 energy storage · 2 con turret

    The example game in this phase · 95 steps
    1. ThugThug ×2
    2. Wind
    3. ThugThug ×2
    4. Wind
    5. ThugThug
    6. Radar TowerRadar Tower
    7. Wind
    8. GuardGuard
    9. ThugThug ×3
    10. GuardGuard
    11. ThugThug
    12. Wind
    13. ThugThug
    14. GuardGuard
    15. Wind
    16. ThugThug
    17. Wind
    18. ThugThug
    19. Wind
    20. ThugThug
    21. Dragon's TeethDragon's Teeth ×3
    22. Wind
    23. ThugThug
    24. Wind
    25. Dragon's TeethDragon's Teeth
    26. AggravatorAggravator
    27. Con turret
    28. AggravatorAggravator
    29. Dragon's TeethDragon's Teeth ×3
    30. AggravatorAggravator
    31. Advanced Metal ExtractorT2 mexdone 7:53 · typical 9:46
    32. Dragon's TeethDragon's Teeth
    33. AggravatorAggravator
    34. Wind
    35. Dragon's TeethDragon's Teeth
    36. Wind
    37. AggravatorAggravator
    38. Advanced Metal ExtractorT2 mex
    39. Wind
    40. AggravatorAggravator
    41. Wind
    42. AggravatorAggravator
    43. Wind
    44. AggravatorAggravator
    45. GraverobberGraverobber ×2
    46. Wind
    47. Advanced Metal ExtractorT2 mex
    48. GraverobberGraverobber
    49. ThugThug
    50. Mex
    51. Wind
    52. ThugThug ×2
    53. Wind
    54. ThugThug ×4
    55. Advanced Metal ExtractorT2 mex
    56. ThugThug ×2
    57. Mex
    58. ThugThug ×5
    59. Con turret
    60. ThugThug ×7
    61. Bot LabBot Labdone 10:57
    62. ThugThug
    63. Advanced Metal ExtractorT2 mex
    64. ThugThug
    65. GuardGuard
    66. ThugThug ×2
    67. ThistleThistle
    68. ThugThug ×2
    69. ThistleThistle
    70. ThugThug ×3
    71. GruntGrunt
    72. ThugThug
    73. GruntGrunt
    74. ThugThug
    75. Wind
    76. GruntGrunt
    77. ThugThug
    78. GruntGrunt ×4
    79. Advanced solar
    80. GruntGrunt ×6
    81. GraverobberGraverobber ×4
    82. Pit BullPit Bull
    83. GruntGrunt ×4
    84. ThugThug ×7
    85. GruntGrunt ×7
    86. Advanced solar
    87. GruntGrunt ×6
    88. Advanced solar
    89. GruntGrunt ×5
    90. Con turret
    91. GruntGrunt
    92. Pit BullPit Bull
    93. GruntGrunt ×3
    94. Con turret
    95. GruntGrunt ×10

Counts are medians over the build's games: half of them build more, half fewer. The example game is Buckyo's (36 OS, 02/10/2026); pick another.

Team trades

IN AT LEAST 30% OF ITS GAMES

You hand over

Nothing regular.

You get

  • Tidal Generator4 Tidal from Pondfirst at 0:11 · in 68% of games
  • Advanced Construction Bot1 T2 con bot from Geo or Techfirst at 7:37 · in 57% of games

How it plays out

Typical game of this build, running totals by minute

Metal produced

010k20k
0:005:0010:0015:00

metal

Enemy metal destroyed

05k10k
0:005:0010:0015:00

metal

Own metal lost

05k10k15k
0:005:0010:0015:00

metal

474 games.

Show as table
ByMetal produced: This buildEnemy metal destroyed: This buildOwn metal lost: This build
1:0030600
2:0096400
3:002072198133
4:003165723636
5:00432816731430
6:00555025952412
7:00674536233531
8:00795045704501
9:00922452395488
10:001046559906304
11:001201765557138
12:001355670147974
13:001518476858753
14:001697884309413
15:0018420906910163
WHAT THE NUMBERS SAY

This is the role's baseline aggressive job, winning half its games while both dealing and taking heavy metal losses fighting at middle.

  • + Fastest Bot Lab of any role (0:34), gets units fighting almost immediately.
  • + Destroys 8805 enemy metal by 15:00 through constant middle pressure.
  • − Loses 10461 own metal by 15:00, more than it destroys.
  • − Metal production lags behind other front role at 18297 by 15:00.
THE EXAMPLE YOU ARE READING

Buckyo

36.4 OS · 02/10/2026

Open source match ↗

5 received units · includes a constructor
103 metal received · 10813 energy received

Allied construction assistance is unknown. Timings are observations, not a promise of solo reproducibility.

Typical milestones

Bot Lab0:35Middle 50%: 0:27–0:45 · n=470
Advanced Metal Extractor9:46Middle 50%: 8:50–10:57 · n=306

Played most by

_X_64games of this build_Hawkey_51games of this buildXXMACGAMERXX32games of this buildImmort30games of this buildGuiTou25games of this build